 Dungeon Crawl Stone Soup version 0.14-a0-426-gb52781e (webtiles) character file.

905 PolkaDot the Ruinous (level 7, -2/44 (46) HPs)
             Began as a Vampire Conjurer on Oct 28, 2013.
             Was a Follower of Sif Muna.
             Killed from afar by an orc wizard (11 damage)
             ... with a magic dart
             ... on Level 5 of the Dungeon.
             The game lasted 00:23:33 (4978 turns).

PolkaDot the Ruinous (Vampire Conjurer)             Turns: 4978, Time: 00:23:33

HP  -2/44 (46)   AC  3     Str  7      XL: 7   Next: 45%
MP   6/13        EV 12     Int 19      God: Sif Muna [*.....]
Gold 173         SH  0     Dex 14      Spells:  2 memorised,  6 levels left

Res.Fire  : . . .   See Invis. : +   d - -1,+0 dagger
Res.Cold  : + + .   Warding    : .   a - +1 robe
Life Prot.: + + +   Conserve   : .   (no shield)
Res.Poison: +       Res.Corr.  : .   (no helmet)
Res.Elec. : .       Clarity    : .   (no cloak)
Sust.Abil.: . .     Spirit.Shd : .   (no gloves)
Res.Mut.  : .       Stasis     : .   (no boots)
Res.Rott. : +       Flight     : .   (no amulet)
Saprovore : . . .                    (no ring)
                                     p - ring of hunger

@: regenerating slowly, slightly resistant to hostile enchantments, stealthy
A: bottle blood, fangs 3, see invisible, unbreathing
a: Bat Form, Bottle Blood, Channel Energy, Renounce Religion


You were on level 5 of the Dungeon.
You worshipped Sif Muna.
Sif Muna was aware of your devotion.
You were near bloodless.

You visited 2 branches of the dungeon, and saw 6 of its levels.

You collected 153 gold pieces.

Inventory:

Hand weapons
 b - a +2,+0 dagger
 d - a -1,+0 dagger (weapon)
Armour
 a - a +1 robe (worn)
Scrolls
 f - a scroll of remove curse
 h - a scroll of curse armour
 i - a scroll of curse weapon {unknown}
 j - 2 scrolls of noise
 k - a scroll of amnesia {unknown}
 m - 2 scrolls of random uselessness
 o - 2 scrolls of teleportation
 q - 2 scrolls of magic mapping
Jewellery
 l - a +5 ring of strength {unknown}
 p - a ring of hunger (left hand)
Potions
 e - a potion of mutation
 g - 2 potions of restore abilities
Books
 c - a book of Conjurations

   Spells                             Type                      Level
   *Magic Dart                        Conjuration                  1
   *Searing Ray                       Conjuration                  2
   Dazzling Spray                     Conjuration/Hexes            3
   Iskenderun's Mystic Blast          Conjuration                  4
   Iskenderun's Battlesphere          Conjuration/Charms           4
   Fulminant Prism                    Conjuration/Hexes            5


   Skills:
 - Level 2.1 Dodging
 - Level 3.0 Stealth
 + Level 1.9 Spellcasting
 * Level 6.9 Conjurations


You had 6 spell levels left.
You knew the following spells:

 Your Spells              Type           Power        Failure   Level  Hunger
a - Magic Dart            Conj           ####         1%          1    #......
s - Searing Ray           Conj           ####..       1%          2    ##.....


Dungeon Overview and Level Annotations

Branches:
Dungeon (5/27)             Temple (1/1) D:5

Altars:
Ashenzari
Cheibriados
Elyvilon
Fedhas
Kikubaaqudgha
Makhleb
Nemelex Xobeh
Sif Muna
Trog
Vehumet
Xom
Yredelemnul
Zin
the Shining One

Shops:
D:4 *


Innate Abilities, Weirdness & Mutations

You heal slowly.
You can bottle blood from corpses.
You have razor-sharp teeth.*
You have supernaturally acute eyesight.
You can survive without breathing.*


Message History

You feel better.
The orc wizard casts a spell.
The orc wizard flickers and vanishes for a moment.
The orc wizard points at you and mumbles some strange words.
The magic dart hits you!
* * * LOW HITPOINT WARNING * * *
Casting: Magic Dart
Confirm with . or Enter, or press ? or * to list all spells.
Aiming: Searing Ray
Press: ? - help, Shift-Dir - straight line, f/p - orc wizard
Aim: an orc wizard, wielding an orcish dagger and wearing an orcish robe (lightly wounded, slightly transparent)
The searing ray hits the orc wizard.
The orc wizard is heavily wounded.
The searing ray misses the orc wizard.
The searing ray hits the orc wizard.
The orc wizard is severely wounded.
The searing ray misses the orc wizard.
The orc wizard casts a spell at you. The magic dart hits you!
You die...

....................#
.................)..#
...)................#
......)............[#
....................#
..############......#
..# #......# ..#
#......# ..# #..@...#
..# #..o..<# ..#
#......# ..# #......#
..# #......# ..#
#......# ..# #.....)#
..# #......# ..#
#......#


You could see an orc wizard (invisible).

Vanquished Creatures
  A sky beast (D:5)
  An ogre (D:5)
  A phantom (D:5)
  A centaur (D:5)
  2 crimson imps (D:5)
  An iguana (D:5)
  An orc priest (D:5)
  A scorpion (D:5)
  3 worker ants (D:5)
  An orc wizard (D:5)
  3 adders
  An inept feature mimic (D:2)
  A giant mite (D:2)
  4 giant geckos
  An ooze (D:2)
  6 orcs
  6 bats
  4 giant cockroaches
  10 goblins
  11 hobgoblins
  14 jackals
  6 kobolds
  2 ball pythons
  4 giant newts
  3 quokkas (D:2)
  13 rats
102 creatures vanquished.

Notes
Turn   | Place    | Note
--------------------------------------------------------------
     0 | D:1      | PolkaDot, the Vampire Conjurer, began the quest for the Orb.
     0 | D:1      | Reached XP level 1. HP: 13/13 MP: 4/4
   298 | D:1      | Reached XP level 2. HP: 19/19 MP: 2/5
  1319 | D:1      | Reached XP level 3. HP: 14/21 MP: 0/6
  1442 | D:2      | Learned a level 2 spell: Searing Ray
  1809 | D:2      | Reached skill level 4 in Conjurations
  2159 | D:2      | Reached XP level 4. HP: 28/28 MP: 2/8
  3503 | D:4      | Found a blossoming altar of Fedhas.
  3504 | D:4      | Found a glowing silver altar of Zin.
  3510 | D:4      | Found a bloodstained altar of Trog.
  3562 | D:4      | Found Tebran's Elemental Accessories.
  3613 | D:5      | Entered Level 5 of the Dungeon
  3616 | D:5      | Noticed a centaur
  3623 | D:5      | Killed a centaur
  3623 | D:5      | Reached skill level 5 in Conjurations
  3623 | D:5      | Reached XP level 5. HP: 25/33 MP: 4/9
  3778 | D:5      | Noticed a sky beast
  3785 | D:5      | Reached XP level 6. HP: 35/39 MP: 2/10
  3801 | D:5      | Found a staircase to the Ecumenical Temple.
  3812 | Temple   | Entered the Ecumenical Temple
  4040 | Temple   | Became a worshipper of Sif Muna the Loreminder
  4120 | D:5      | Killed a sky beast
  4120 | D:5      | Reached skill level 6 in Conjurations
  4267 | D:5      | Noticed a phantom
  4278 | D:5      | Killed a phantom
  4414 | D:5      | Reached XP level 7. HP: 44/44 MP: 8/11
  4689 | D:5      | Noticed an ogre
  4697 | D:5      | Killed an ogre
  4697 | D:5      | Acquired Sif Muna's first power
  4978 | D:5      | Killed from afar by an orc wizard

Action                   |  1- 3 |  4- 6 |  7- 9 || total
-------------------------+-------+-------+-------++-------
Melee: Unarmed           |    22 |       |       ||    22
       Dagger            |    10 |     7 |    29 ||    46
 Cast: Magic Dart        |    89 |    45 |    18 ||   152
       Searing Ray       |     2 |    19 |     9 ||    30
Invok: Channel Energy    |       |       |     7 ||     7
  Use: Potion            |     5 |     1 |     2 ||     8
       Scroll            |       |    10 |       ||    10
 Stab: Sleeping          |       |     2 |       ||     2
